 Dungeon Crawl Stone Soup version 0.25-a0-561-g0977b4d109 (webtiles) character file.

Game seed: 16503625560882334764, levelgen mode: deterministic

18 surprisetrex the Firebug (level 2, 20/20 HPs)
             Began as a Hill Orc Fire Elementalist on Feb 25, 2020.
             Quit the game on level 2 of the Dungeon.
             The game lasted 00:02:38 (926 turns).

surprisetrex the Firebug (HOFE)                      Turns: 926, Time: 00:02:39

Health: 20/20      AC:  2    Str: 10    XL:     2   Next: 70%
Magic:  4/4        EV: 12    Int: 15    God:
Gold:   0          SH:  0    Dex: 11    Spells: 3/4 levels left

rFire    . . .     SeeInvis .   b - +0 spear
rCold    . . .     Gourm    .   (no shield)
rNeg     . . .     Faith    .   a - +0 robe
rPois    .         Spirit   .   (no helmet)
rElec    .         Reflect  .   (no cloak)
rCorr    .         Harm     .   (no gloves)
MR       .....                  (no boots)
Stlth    ++........             (no amulet)
HPRegen  0.06/turn              i - -5 ring of slaying (curse)
MPRegen  0.09/turn              (no ring)

@: no status effects
A: no striking features
a: no special abilities


You were on level 2 of the Dungeon.
You were not hungry.

You visited 1 branch of the dungeon, and saw 2 of its levels.

Inventory:

Hand Weapons
 b - a +0 spear (weapon)
 f - a +0 hand axe
Armour
 a - a +0 robe (worn)
Jewellery
 i - a cursed -5 ring of slaying (left hand)
Potions
 d - a potion of degeneration
 e - 2 potions of brilliance {unknown}
Comestibles
 c - a ration
 g - 2 chunks of flesh


   Skills:
 - Level 1.5 Dodging
 - Level 1.5 Stealth
 - Level 1.5 Spellcasting
 - Level 1.0 Conjurations
 + Level 4.3 Fire Magic


You had 3 spell levels left.
You knew the following spells:

 Your Spells              Type           Power        Failure   Level  Hunger
a - Foxfire               Conj/Fire      #...         8%          1    ##.....

Your spell library contained the following spells:

 Spells                   Type           Power        Failure   Level  Hunger
 Conjure Flame            Conj/Fire      #.......     24%         3    ####...
 Inner Flame              Hex/Fire       #.......     28%         3    ####...
 Sticky Flame             Conj/Fire      #.......     61%         4    #####..
 Fireball                 Conj/Fire      #.........   91%         5    ######.


Dungeon Overview and Level Annotations

Branches:
Dungeon (2/15)

Altars:


Message History

The foxfire hits the rat.
You kill the rat!
You see here a rat corpse.
You butcher the rat corpse.
g - 3 chunks of flesh (gained 1)
You see here a rat skeleton.
Some of the chunks of flesh in your inventory have rotted away.
Done exploring.
Done exploring.
(D) Dungeon
Where to? (? - help)
There is a stone staircase leading down here.
You climb downwards.
There is a stone staircase leading up here.
You aren't carrying any scrolls. 2 jackals come into view.
The jackal barks! x2
A bat comes into view.
A jackal comes into view.
The bat barely misses you.
Are you sure you want to abandon this character and quit the game? (Confirm with "yes".)

### ###..
....# #...#
##### ##...#
..hhh.#.<..#
#b@####
#....##
####. #. ..
.# .. ..


You could see 3 jackals and a bat.

Vanquished Creatures
  An ooze (D:1)
  A leopard gecko (D:1)
  A giant cockroach (D:1)
  2 goblins (D:1)
  3 bats (D:1)
  7 rats (D:1)
15 creatures vanquished.

Vanquished Creatures (others)
  14 foxfires (D:1)
14 creatures vanquished.

Grand Total: 29 creatures vanquished

Notes
Turn   | Place    | Note
-------+----------+-------------------------------------------
     0 | D:1      | surprisetrex the Hill Orc Fire Elementalist began the quest
                  | for the Orb.
     0 | D:1      | Reached XP level 1. HP: 14/14 MP: 3/3
   234 | D:1      | Reached skill level 4 in Fire Magic
   234 | D:1      | Reached XP level 2. HP: 10/20 MP: 1/4
   926 | D:2      | Quit the game

Levels and vault maps discovered:
D:1:      dpeg_arrival_arbitrary_b, layout_loops_ring
D:2:      layout_rooms, nicolae_overflow_crystal_walls, serial_co_window_serial,
          co_window_paths_a, co_window_corner_a, co_window_corner_a,
          co_window_paths_a, co_window_of_opportunity_a, co_window_corner_a,
          co_window_paths_a, co_window_corner_cb, co_window_of_opportunity_c,
          co_window_of_opportunity_c, co_window_corner_b, co_window_corner_b,
          co_window_paths_d, glass_columns_a

Skill      XL: |  1 |
---------------+----+-----
Fire Magic     | 4 |  4.3
Dodging        | |  1.5
Stealth        | |  1.5
Spellcasting   | |  1.5
Conjurations   | |  1.0

Action                   || total
-------------------------++-------
Melee: Spear             ||    47
 Cast: Foxfire           ||     8
  Use: Scroll            ||     3
 Stab: Sleeping          ||     1
Armor: Robe              ||    10
Dodge: Dodged            ||    35

Table legend:
 A = Non-vault XP
 B = Vault XP
 C = Vault XP percentage of total XP
 D = Non-vault monster count
 E = Vault monster count
 F = Vault count percentage of total count
                 A         B        C        D         E       F
            +---------+---------+-------+---------+---------+-------
      Total |      27 |       0 |   0.0 |      15 |       0 |   0.0
            +---------+---------+-------+---------+---------+-------
        D:1 |      27 |       0 |   0.0 |      15 |       0 |   0.0
            +---------+---------+-------+---------+---------+-------
